 Dungeon Crawl Stone Soup version 0.32-a0-534-ga61f84b8bd (webtiles) character file.

Game seed: 3675980449218573012

33 CrazyBamboolord the Grave Robber (level 3, 0/29 HPs)
             Began as a Mountain Dwarf Necromancer on Feb 28, 2024.
             Succumbed to an adder's poison
             ... on level 2 of the Dungeon.
             The game lasted 00:02:36 (978 turns).

CrazyBamboolord the Grave Robber (MDNe)              Turns: 978, Time: 00:02:37

Health: 0/29       AC:  5    Str: 10    XL:     3   Next: 12%
Magic:  0/6        EV: 10    Int: 17    God:
Gold:   4          SH:  0    Dex: 10    Spells: 5/6 levels left

rFire   . . .        d - +0 club
rCold   . . .        (no shield)
rNeg    . . .        g - +0 ring mail
rPois   .            (no helmet)
rElec   .            (no cloak)
rCorr   .            (no gloves)
SInv    .            (no boots)
Will    .....        (no amulet)
Stlth   +            (no ring)
HPRegen 0.24/turn    (no ring)
MPRegen 0.10/turn

%: no passive effects
@: lethally poisoned (0 -> -1)
A: runic magic, artefact enchanting
a: no special abilities


You were on level 2 of the Dungeon.
You visited 1 branch of the dungeon, and saw 2 of its levels.

You collected 4 gold pieces.

Inventory:

Hand Weapons
 d - a +0 club (weapon)
Armour
 g - a +0 ring mail (worn)
Scrolls
 c - 2 scrolls of identify {unknown}
 e - 2 scrolls of teleportation {unknown}
Potions
 b - a potion of magic


   Skills:
 * Level 1.7 Fighting
 * Level 1.6 Armour
 - Level 1.3 Dodging
 - Level 1.4 Stealth
 + Level 2.0 Spellcasting
 + Level 4.5 Necromancy


You had 5 spell levels left.
You knew the following spells:

 Your Spells              Type           Power      Damage    Failure   Level
a - Necrotise             Necr           68%        1d7       3%          1

Your spell library contained the following spells:

 Spells                   Type           Power      Damage    Failure   Level
 Vampiric Draining        Necr           17%        2d7       11%         3
 Magic Dart               Conj           4%         1d3       24%         1
 Searing Ray              Conj           2%         2d4       34%         2
 Animate Dead             Necr           17%        N/A       34%         4
 Curse of Agony           Necr           17%        N/A       69%         5
 Fulminant Prism          Conj/Alch      0%         3d5       93%         4


Dungeon Overview and Level Annotations

Branches:
Dungeon (2/15)

Altars:


Innate Abilities, Weirdness & Mutations

Your spellcasting is much less encumbered by armour.
You can use scrolls of enchantment on lesser artefacts.


Message History

You closely miss the adder.
The adder is severely wounded.
The adder bites you.
* * * LOW HITPOINT WARNING * * *
The adder closely misses you.
You hit the adder.
The adder is severely wounded.
The adder bites you but does no damage.
You closely miss the adder.
The adder is severely wounded.
The adder misses you. The adder bites you but does no damage.
You miss the adder.
The adder is severely wounded.
The adder barely misses you. The adder bites you but does no damage.
You completely miss the adder.
The adder is severely wounded.
The adder bites you.
* * * LOW HITPOINT WARNING * * *
You are lethally poisoned!
The adder poisons you!
You barely miss the adder.
The adder is severely wounded.
* * * LOW HITPOINT WARNING * * *
You feel sick.
The adder bites you but does no damage. x2
Aiming: Necrotise (safe; 3% risk of failure)
Press: ? - help, Q - select action Shift-Dir - straight line, f/p - adder
Aim: an adder (severely wounded, chance to affect: 81%)
The adder barely resists.
* * * LOW HITPOINT WARNING * * *
You feel sick. The adder closely misses you.
Unknown command.
Unknown command.
You miss the adder.
The adder is severely wounded.
* * * LOW HITPOINT WARNING * * *
You feel sick. The adder bites you but does no damage.
The adder barely misses you.
You closely miss the adder.
The adder is severely wounded.
You die...

................
#...>................
#..................
..................
#...............#
................#
#..............#
#........†..#.#####.#.
#..@#..)###.<.......
#...S.### ####....##
........## ...#
$........# ..#
....##...$ ... ....
##.... .. ... #.... .
.. #....# #.....


You could see an adder.

Vanquished Creatures
  An adder (D:2)
  An endoplasm (D:1)
  3 giant cockroaches (D:1)
  A goblin (D:1)
  4 hobgoblins (D:1)
  4 ball pythons (D:1)
  2 bats (D:1)
  3 frilled lizards
  3 rats (D:1)
22 creatures vanquished.

Vanquished Creatures (collateral kills)
  An endoplasm (D:1)
  A goblin (D:2)
2 creatures vanquished.

Grand Total: 24 creatures vanquished

Notes
Turn   | Place    | Note
-------+----------+-------------------------------------------
     0 | D:1      | CrazyBamboolord the Mountain Dwarf Necromancer began the
                  | quest for the Orb.
     0 | D:1      | Reached XP level 1. HP: 14/14 MP: 3/3
   242 | D:1      | Reached skill level 1 in Fighting
   250 | D:1      | Reached XP level 2. HP: 12/23 MP: 0/4
   321 | D:1      | Found a faded altar of an unknown god.
   335 | D:1      | Reached skill level 1 in Armour
   883 | D:2      | Reached XP level 3. HP: 15/29 MP: 1/6
   977 | D:2      | HP: 1/29 [poisoned by an adder]
   978 | D:2      | Succumbed to an adder's poison

Illustrated notes

Levels and vault maps discovered:
D:1:      amcnicky_arrival_single_pillar, layout_basic,
          shapermc_ecumenical_altar_acropolis
D:2:      layout_rooms, serial_shops, nicolae_shop_peninsula, minmay_distorted,
          uniq_jessica

Skill      XL: |  1  2 |
---------------+-------+-----
Fighting       | 1 |  1.7
Armour         | 1 |  1.6
Spellcasting   | 2 |  2.0
Dodging        | |  1.3
Stealth        | |  1.4
Necromancy     | |  4.5

Action                     || total
---------------------------++-------
  Melee: Club              ||    31
         Unarmed           ||     1
   Cast: Necrotise         ||    44
    Use: Potion            ||     1
 Armour: Robe              ||    12
         Ring mail         ||    40
  Dodge: Dodged            ||    49

Table legend: (Time is in decaauts)
 A = Elapsed time spent in this place.
 B = Non-inter-level travel time spent in this place.
 C = Inter-level travel time spent in this place.
 D = Time resting spent in this place.
 E = Time spent auto-exploring this place.
 F = Levels seen in this place.
 G = Mean time per level.
                   A        B        C        D        E       F      G
               +--------+--------+--------+--------+--------+-----+--------+
         Total |    986 |    938 |     48 |    166 |    543 |   2 |  493.0 |
       Dungeon |    986 |    938 |     48 |    166 |    543 |   2 |  493.0 |
               +--------+--------+--------+--------+--------+-----+--------+

Top non-repeatable levels by time:
     D:1: 871 daAuts
     D:2: 115 daAuts
